[gd_scene load_steps=37 format=2]

[ext_resource path="res://Scenes/Player.tscn" type="PackedScene" id=1]
[ext_resource path="res://Assets/character/enemies - friends/jack/diri_kiri2.png" type="Texture" id=2]
[ext_resource path="res://Scenes/Level1/Grass.tres" type="TileSet" id=3]
[ext_resource path="res://Assets/object/emote__.png" type="Texture" id=4]
[ext_resource path="res://Assets/character/enemies - friends/jack/diri_kiri9.png" type="Texture" id=5]
[ext_resource path="res://Assets/character/enemies - friends/jack/diri_kiri10.png" type="Texture" id=6]
[ext_resource path="res://Assets/character/enemies - friends/jack/diri_kiri.png" type="Texture" id=7]
[ext_resource path="res://Assets/character/enemies - friends/jack/diri_kiri7.png" type="Texture" id=8]
[ext_resource path="res://Assets/character/enemies - friends/jack/diri_kiri5.png" type="Texture" id=9]
[ext_resource path="res://Assets/character/enemies - friends/jack/diri_kiri3.png" type="Texture" id=10]
[ext_resource path="res://Assets/character/enemies - friends/jack/diri_kiri8.png" type="Texture" id=11]
[ext_resource path="res://Assets/character/enemies - friends/jack/diri_kiri4.png" type="Texture" id=12]
[ext_resource path="res://Assets/character/enemies - friends/jack/diri_kiri6.png" type="Texture" id=13]
[ext_resource path="res://Scripts/Level1/EF1.gd" type="Script" id=14]
[ext_resource path="res://Scenes/Level1/Background.tscn" type="PackedScene" id=15]
[ext_resource path="res://Scenes/Level1/grass2.tscn" type="PackedScene" id=16]
[ext_resource path="res://Scenes/Level1/grass3.tscn" type="PackedScene" id=17]
[ext_resource path="res://Scenes/Level1/grass1.tscn" type="PackedScene" id=18]
[ext_resource path="res://Assets/character/enemies - friends/jack/Idle (8).png" type="Texture" id=19]
[ext_resource path="res://Assets/character/enemies - friends/jack/Idle (9).png" type="Texture" id=20]
[ext_resource path="res://Assets/character/enemies - friends/jack/Idle (10).png" type="Texture" id=21]
[ext_resource path="res://Assets/character/enemies - friends/jack/Idle (3).png" type="Texture" id=22]
[ext_resource path="res://Assets/character/enemies - friends/jack/Idle (4).png" type="Texture" id=23]
[ext_resource path="res://Assets/character/enemies - friends/jack/Idle (7).png" type="Texture" id=24]
[ext_resource path="res://Assets/character/enemies - friends/jack/Idle (2).png" type="Texture" id=25]
[ext_resource path="res://Assets/character/enemies - friends/jack/Idle (5).png" type="Texture" id=26]
[ext_resource path="res://Assets/character/enemies - friends/jack/Idle (6).png" type="Texture" id=27]
[ext_resource path="res://Assets/character/enemies - friends/jack/Idle (1).png" type="Texture" id=28]
[ext_resource path="res://Scenes/Nyawa.tscn" type="PackedScene" id=29]
[ext_resource path="res://Scenes/Kunci.tscn" type="PackedScene" id=30]
[ext_resource path="res://Scenes/Level1/MinusNyawa.tscn" type="PackedScene" id=31]
[ext_resource path="res://Scenes/Level1/BacksoundLevel1.tscn" type="PackedScene" id=32]
[ext_resource path="res://Scripts/Level1/NextLevel1.gd" type="Script" id=33]
[ext_resource path="res://Assets/sound/confirmation_002.ogg" type="AudioStream" id=35]

[sub_resource type="RectangleShape2D" id=1]
extents = Vector2( 45.903, 56.5386 )

[sub_resource type="SpriteFrames" id=2]
animations = [ {
"frames": [ ExtResource( 2 ), ExtResource( 10 ), ExtResource( 12 ), ExtResource( 9 ), ExtResource( 13 ), ExtResource( 8 ), ExtResource( 11 ), ExtResource( 5 ), ExtResource( 6 ), ExtResource( 7 ) ],
"loop": true,
"name": "diri_kiri",
"speed": 25.0
}, {
"frames": [ ExtResource( 28 ), ExtResource( 25 ), ExtResource( 22 ), ExtResource( 23 ), ExtResource( 26 ), ExtResource( 27 ), ExtResource( 24 ), ExtResource( 19 ), ExtResource( 20 ), ExtResource( 21 ) ],
"loop": true,
"name": "diri_kanan",
"speed": 15.0
} ]

[node name="Node2D" type="Node2D"]
pause_mode = 2
position = Vector2( 1, 0 )

[node name="MarginContainer" parent="." instance=ExtResource( 15 )]
margin_left = 2.0
margin_right = 2.0

[node name="TileMap" type="TileMap" parent="."]
scale = Vector2( 0.5, 0.5 )
tile_set = ExtResource( 3 )
compatibility_mode = true
format = 1
tile_data = PoolIntArray( -65538, 0, 1, -131072, 0, 65543, -131070, 0, 65543, -131068, 0, 65543, -131066, 0, 65543, -131064, 0, 65543, -131062, 0, 65543, -131060, 0, 65543, -131058, 0, 65543, -131056, 0, 65543, -131054, 0, 65543, -131052, 0, 65543, -131050, 0, 65543, -131048, 0, 65543, -131046, 0, 65543, -131044, 0, 65543, -131042, 0, 65543, -65504, 0, 1, 65534, 0, 1, 65568, 0, 1, 196606, 0, 1, 196640, 0, 1, 327712, 0, 1, 458750, 0, 1, 458784, 0, 1, 589822, 0, 1, 589856, 0, 1, 720894, 0, 1, 720928, 0, 1, 851966, 0, 1, 852000, 0, 1, 983038, 0, 1, 983072, 0, 1, 1114110, 0, 1, 1179646, 0, 1, 1114120, 0, 65543, 1114122, 0, 65543, 1114124, 0, 65543, 1114126, 0, 65543, 1114128, 0, 65544, 1114136, 0, 65542, 1114138, 0, 65543, 1114140, 0, 65543, 1114142, 0, 65543, 1114144, 0, 65544 )

[node name="Player" parent="." instance=ExtResource( 1 )]
position = Vector2( -10.208, -15.8936 )

[node name="TextBox" type="Sprite" parent="."]
position = Vector2( 469.794, 53.036 )
scale = Vector2( 5.41969, 2.41785 )
texture = ExtResource( 4 )

[node name="Label" type="Label" parent="."]
margin_left = 396.404
margin_top = 22.8475
margin_right = 586.399
margin_bottom = 70.8475
custom_colors/font_color = Color( 0, 0, 0, 1 )
text = "Kamu yang disana.
Kemari, dan 
tolong bantu aku."
__meta__ = {
"_edit_use_anchors_": false
}

[node name="AreaTrigger" type="Area2D" parent="."]
script = ExtResource( 14 )

[node name="CollisionShape2D" type="CollisionShape2D" parent="AreaTrigger"]
position = Vector2( 471.348, 145.227 )
shape = SubResource( 1 )

[node name="AnimatedSprite" type="AnimatedSprite" parent="."]
position = Vector2( 483.728, 147.945 )
scale = Vector2( 0.150096, 0.151167 )
frames = SubResource( 2 )
animation = "diri_kanan"
frame = 5
playing = true

[node name="StaticBody2D" parent="." instance=ExtResource( 16 )]
position = Vector2( -322.491, 4.259 )

[node name="grass1" parent="." instance=ExtResource( 18 )]
position = Vector2( 429.161, 304.199 )

[node name="StaticBody2D2" parent="." instance=ExtResource( 17 )]
position = Vector2( 373.352, 76.3675 )

[node name="Label2" parent="." instance=ExtResource( 29 )]

[node name="Label3" parent="." instance=ExtResource( 30 )]

[node name="MinusNyawa" parent="." instance=ExtResource( 31 )]

[node name="NextLevel" type="Area2D" parent="."]
script = ExtResource( 33 )

[node name="AudioStreamPlayer2D2" parent="." instance=ExtResource( 32 )]

[node name="Challenge" type="AudioStreamPlayer2D" parent="."]
stream = ExtResource( 35 )
volume_db = -6.433
[connection signal="body_entered" from="AreaTrigger" to="AreaTrigger" method="_on_AreaTrigger_body_entered"]
[connection signal="body_entered" from="AreaTrigger" to="Challenge" method="_on_AreaTrigger_body_entered"]
[connection signal="body_entered" from="NextLevel" to="NextLevel" method="_on_NextLevel_body_entered"]
